AoeStats
← kjubab

Four Lakes

509780002Analyzed
1v1 RM · 5d ago on Sep 28, 2026· 40m 50s· 2 players
Game mode
Random Map
Map size
Tiny (2 player)
Population
200
Speed
Normal
Resources
Standard
Victory
Conquest
Starting age
Dark Age
Ending age
Imperial Age
RankedLock teamsTeams togetherTeam positionsShared explorationLock speedFull tech treeHidden civsTurbo modeCheats
Victory
Defeat
🇲🇽 Dravidians · Mexico
1092
+42
🇨🇿 Khmer · Czechia
1064
-15
kjubab
9:55 Feudal Age
8:21 Loom
14:16 Castle Age
13:25 Bloodlines
19:44 Husbandry
26:41 Forging
27:25 Elite Skirmisher
29:08 Fletching
32:52 Bodkin Arrow
39:46 Ballistics
FrankSinatrap
8:57 Loom
10:56 Feudal Age
11:20 Man-at-Arms
20:02 Castle Age
18:25 Scale Mail Armor
19:38 Fletching
20:08 Forging
20:09 Fletching
23:38 Bodkin Arrow
23:59 Pikeman
29:12 Padded Archer Armor
28:39 Long Swordsman
29:05 Gambesons
30:15 Squires
31:22 Wheelbarrow
31:38 Chain Mail Armor
32:58 Devotion
32:53 Arson
38:10 Iron Casting
41:03 Ballistics
Connection lost

Rejoining the realm…

Still unreachable

The connection could not be restored.

Session expired

The server has moved on; the page needs a fresh start.